 Dungeon Crawl Stone Soup version 0.19-a0-823-gd955774 (webtiles) character file.

42 Implojin the Cudgeler (level 3, -5/31 HPs)
             Began as a Minotaur Fighter on June 30, 2016.
             Slain by a centaur (6 damage)
             ... on level 4 of the Dungeon.
             The game lasted 00:01:50 (360 turns).

Implojin the Cudgeler (Minotaur Fighter)             Turns: 360, Time: 00:01:51

Health: -5/31      AC:  6    Str: 20    XL:     3   Next: 35%
Magic:  2/2        EV:  7    Int:  5    God:
Gold:   0          SH:  9    Dex: 10    Spells: 0 memorised, 2 levels left

rFire  . . .     SeeInvis .     a - +0 flail
rCold  . . .     Gourm    .     b - +0 scale mail
rNeg   . . .     Faith    .     c - +0 shield
rPois  .         Spirit   .     (helmet restricted)
rElec  .         Dismiss  .     (no cloak)
rCorr  .         Reflect  .     (no gloves)
SustAt .         Harm     .     (no boots)
MR     .....                    (no amulet)
Stlth  ..........               (no ring)
                                (no ring)

@: not resistant to hostile enchantments, extremely unstealthy
A: retaliatory headbutt, horns 2
a: no special abilities


You were on level 4 of the Dungeon.
You were not hungry.

You visited 1 branch of the dungeon, and saw 4 of its levels.

Inventory:

Hand Weapons
 a - a +0 flail (weapon)
Armour
 b - a +0 scale mail (worn)
 c - a +0 shield (worn)
Scrolls
 i - a scroll of enchant weapon {unknown}
 l - a scroll of blinking {unknown}
Potions
 d - 2 potions of might
 e - a potion of brilliance
 j - a potion of cancellation
 k - a potion of heal wounds {unknown}
 m - a potion of berserk rage {unknown}
Comestibles
 f - 2 bread rations


   Skills:
 - Level 3.6 Fighting
 * Level 4.6 Maces & Flails
 - Level 3.6 Armour
 - Level 3.6 Shields


You had 2 spell levels left.
You didn't know any spells.

Dungeon Overview and Level Annotations

Branches:
Dungeon (4/15)
 Temple: D:4-7

Altars:
Yredelemnul

Annotations:
D:3 exclusion: upstairs


Innate Abilities, Weirdness & Mutations

You reflexively headbutt those who attack you in melee.
You have a pair of horns on your head.


Message History

j - a potion of cancellation You feel sick.
You feel sick.
You feel sick.
As you read the scroll labeled ZEFECOUMEU, it crumbles to dust.
You feel blessed for a moment.
It was a scroll of remove curse.
You feel sick.
You feel sick.
You are no longer poisoned.
Found a leather armour.
A centaur comes into view.
The centaur shouts!
The centaur wields a shortbow.
The centaur shoots an arrow.
The arrow barely misses you.
Found 9 gold pieces and a scroll labeled REKKI ALUYN.
Found a stone staircase leading up.
An adder skeleton comes into view.
You see here an arrow.
The centaur shoots an arrow.
The arrow closely misses you.
You see here an arrow.
You start resting.
The centaur shoots an arrow.
You block the arrow.
You hear an angry hiss.
A giant newt comes into view.
The giant newt hisses angrily.
The giant newt hisses menacingly.
The centaur unwields an uncursed shortbow.
The centaur barely misses you.
You see here an arrow.
You hit the centaur. You headbutt the centaur!
The centaur is heavily wounded.
You block the centaur's attack. The centaur hits you.
* * * LOW HITPOINT WARNING * * *
Unknown command.
You barely miss the centaur.
The centaur is heavily wounded.
The centaur hits you!
* * * LOW HITPOINT WARNING * * *
The centaur hits you.
You die...

. .c Z<. ..$.
.....
......######
.....Z.l.c.#
......[###@#
##..... #.### #
#.....
#...######.#
#.....
###........# #
#...?.
###...#### .#
#...... #....##
.# #.#....
#.##..######..#
#. ##......#...
......#.......#


You could see a centaur, a giant newt and an adder skeleton.

Vanquished Creatures
  A worker ant (D:4)
  A worm (D:3)
  An orc (D:4)
  A giant cockroach (D:2)
  4 goblins
  3 hobgoblins
  A bat (D:2)
  A giant newt (D:1)
  A kobold (D:3)
  2 rats
16 creatures vanquished.

Notes
Turn   | Place    | Note
--------------------------------------------------------------
     0 | D:1      | Implojin the Minotaur Fighter began the quest for the Orb.
     0 | D:1      | Reached XP level 1. HP: 19/19 MP: 0/0
    70 | D:1      | Reached skill level 3 in Maces & Flails
   123 | D:2      | Reached XP level 2. HP: 26/26 MP: 1/1
   268 | D:4      | Found a basalt altar of Yredelemnul.
   301 | D:4      | Reached skill level 4 in Maces & Flails
   301 | D:4      | Reached XP level 3. HP: 13/31 MP: 2/2
   349 | D:4      | Noticed a centaur
   360 | D:4      | HP: 1/31 [centaur (7)]
   360 | D:4      | Slain by a centaur

Vault maps used:
D:1:      sevenhm_arrival_forest_fort_small_5
D:3:      first_bread, nicolae_ru_the_path_less_chosen
D:4:      kennysheep_ying_yang, lemuel_crystal_altar, uniq_natasha

Skill      XL: |  1  2 |
---------------+-------+-----
Maces & Flails | 3 4 |  4.6
Fighting       | |  3.6
Armour         | |  3.6
Shields        | |  3.6

Action                   || total
-------------------------++-------
Melee: Flail             ||    31
       Headbutt          ||     8
  Use: Scroll            ||     3
Armor: Scale mail        ||    21
Dodge: Dodged            ||    17
Block: Shield            ||    27

Table legend:
 A = Turns spent in this place as a percentage of turns spent in the entire game.
 B = Non-inter-level travel turns spent in this place as a percentage of non-inter-level travel turns spent in the entire game.
 C = Inter-level travel turns spent in this place as a percentage of turns spent in this place.
 D = Turns resting spent in this place as a percentage of non-inter-level travel turns spent in this place.
 E = Turns spent auto-exploring this place as a percentage of non-inter-level travel turns spent in this place.
 F = Non-inter-level travel turns spent in this place divided by the number of levels of this place that you've seen.
                   A       B       C       D       E      F
               +-------+-------+-------+-------+-------+----------------------
         Total | 100.0 | 100.0 |   0.0 |   0.6 |   0.0 |  89.8
       Dungeon | 100.0 | 100.0 |   0.0 |   0.6 |   0.0 |  89.8
               +-------+-------+-------+-------+-------+----------------------

Table legend:
 A = Kills in this place as a percentage of kills in entire the game.
 B = Kills by you in this place as a percentage of kills by you in the entire game.
 C = Kills by friends in this place as a percentage of kills by friends in the entire game.
 D = Other kills in this place as a percentage of other kills in the entire game.
 E = Experience gained in this place as a percentage of experience gained in the entire game.
 F = Experience gained in this place divided by the number of levels of this place that you have seen.
                   A       B       C       D       E      F
               +-------+-------+-------+-------+-------+----------------------
         Total | 100.0 | 100.0 |  -nan |  -nan | 100.0 |  15.2
       Dungeon | 100.0 | 100.0 |  -nan |  -nan | 100.0 |  15.2
               +-------+-------+-------+-------+-------+----------------------
